 Dungeon Crawl Stone Soup version 0.19-a0-277-g85cb9a5 (webtiles) character file.

14043 Lugonue the Arsonist (level 11, -17/95 HPs)
             Began as a Demigod Fire Elementalist on May 26, 2016.
             Demolished by Maud
             ... wielding a +5 great mace
              (25 damage)
             ... on level 11 of the Dungeon.
             The game lasted 01:06:07 (12334 turns).

Lugonue the Arsonist (Demigod Fire Elementalist)   Turns: 12334, Time: 01:06:08

Health: -17/95     AC: 10    Str: 17    XL:     11   Next: 54%
Magic:  21/27      EV: 16    Int: 19    God:
Gold:   569        SH:  5    Dex: 16    Spells: 3 memorised, 18 levels left

rFire  . . .     SeeInvis .     a - +2 short sword (venom)
rCold  . . .     Gourm    .     S - +0 troll leather armour
rNeg   . . .     Faith    .     g - +0 buckler
rPois  .         Spirit   .     (no helmet)
rElec  .         Dismiss  .     j - +0 cloak
rCorr  .         Reflect  .     R - +2 pair of gloves
SustAt +         Harm     .     y - +0 pair of boots
MR     +....                    p - amulet of rage
Stlth  ++........               (no ring)
                                r - +2 ring of evasion

@: somewhat resistant to hostile enchantments, unstealthy
A: high mp 1, sustain attributes
a: Evoke Berserk Rage


You were on level 11 of the Dungeon.
You were not hungry.

You visited 2 branches of the dungeon, and saw 13 of its levels.

You collected 705 gold pieces.
You spent 136 gold pieces at shops.

Inventory:

Hand Weapons
 a - a +2 short sword of venom (weapon)
 b - a +1 falchion
 z - a +2 antimagic scimitar
Missiles
 K - 3 throwing nets (quivered)
Armour
 g - a +0 buckler (worn)
 j - a +0 cloak (worn)
 u - a +0 leather armour of fire resistance
 y - a +0 pair of boots (worn)
 R - a +2 pair of gloves (worn)
 S - a +0 troll leather armour (worn)
Jewellery
 p - an amulet of rage (around neck)
 r - a +2 ring of evasion (left hand)
Wands
 l - a wand of acid (0/15)
 t - a wand of iceblast (10/15)
 F - a wand of random effects (17/48)
 J - a wand of iceblast (11/15)
 M - a wand of iceblast (6/15)
 P - a wand of iceblast (5/15)
Scrolls
 e - a scroll of amnesia
 i - a scroll of summoning {unknown}
 n - 2 scrolls of enchant armour
 w - 3 scrolls of fog
 A - a scroll of magic mapping {unknown}
 G - a scroll of teleportation
 H - 3 scrolls of recharging
 I - 3 scrolls of remove curse
 N - 2 scrolls of blinking {unknown}
 O - a scroll of fear
 Q - a scroll of acquirement {unknown}
 T - 2 scrolls of identify
Potions
 d - 2 potions of lignification
 h - 3 potions of flight
 k - 2 potions of cancellation
 m - 2 potions of curing
 o - a potion of brilliance
 q - a potion of invisibility
 s - 3 potions of berserk rage {unknown}
 v - 2 potions of resistance {unknown}
 x - a potion of agility {unknown}
 C - 4 potions of magic
 L - 2 potions of might
Books
 E - a book of Flames

   Spells                             Type                      Level
   a - Flame Tongue                   Conjuration/Fire             1
   b - Throw Flame                    Conjuration/Fire             2
   c - Conjure Flame                  Conjuration/Fire             3
   d - Inner Flame                    Hexes/Fire                   3
   e - Sticky Flame                   Conjuration/Fire             4
   f - Fireball                       Conjuration/Fire             5
Comestibles
 c - 10 bread rations
 B - 6 beef jerkies
 D - 5 meat rations


   Skills:
 * Level 8.8 Fighting
 * Level 5.9 Long Blades
 - Level 4.1 Armour
 + Level 3.8 Dodging
 - Level 1.8 Stealth
 - Level 4.3 Shields
 + Level 8.2 Spellcasting
 - Level 0.8 Conjurations
 + Level 9.1 Fire Magic


You had 18 spell levels left.
You knew the following spells:

 Your Spells              Type           Power        Failure   Level  Hunger
a - Flame Tongue          Conj/Fire      ####.        1%          1    None
c - Sticky Flame          Conj/Fire      ####....     14%         4    ###....
d - Conjure Flame         Conj/Fire      ####....     4%          3    None


Dungeon Overview and Level Annotations

Branches:
Dungeon (12/15)            Temple (0/1) D:4            Lair (0/8) D:9
    Orc (1/2) D:11

Shops:
D:4 (   Orc:1 ?

Annotations:
D:11 Maud
D:12 Sonja


Innate Abilities, Weirdness & Mutations

You have an increased reservoir of magic. (+10% MP)
Your attributes are resistant to harm.


Message History

Maud burns!
Maud is engulfed in roaring flames.
Maud hits you with an enchanted great mace!!!
* * * LOW HITPOINT WARNING * * *
Drink which item? (? for menu, Esc to quit)
Okay, then.
Maud burns!
Maud is engulfed in roaring flames.
Maud burns!
Press: ? - help, v - describe, . - travel
Here: Maud, wielding an enchanted great mace and wearing a glowing chain mail (almost dead, covered in liquid flames)
The floor.
Drink which item? (? for menu, Esc to quit)
Okay, then.
Evoke which item? (* to show all) (? for menu, Esc to quit)
Okay, then.
Drink which item? (? for menu, Esc to quit)
Okay, then.
Drink which item? (? for menu, Esc to quit)
You feel better.
Maud burns!
Maud stops burning.
Maud hits you with an enchanted great mace!!
You die...

..[..............................
....................##.....#...##
.######...##........##.....#...#.
## #...##........##.....#.....
#### #>.............([..........
...# #...#..........#)....#....#
...# #...#.........(#.....######
...# #...#..........#.....# ##
...# #...#.....@....#.....# #.
...####...####.@######.....# #.
..........# ##.# #.....#####.
........).#####ยง##########'##....
........#.........#...##....#.##.
).......#.[.......#..[##....#.##.
........#.........#...##....#.##.
........##...#....#...##....#....
........##...#....#...##....#....


You could see Maud.

Vanquished Creatures
  A hydra (D:12)
  2 hill giants
  Pikel (D:4)
  An orc sorcerer (D:11)
  2 kobold demonologists (D:12)
  4 trolls
  2 two-headed ogres
  Sigmund (D:2)
  15 yaks
  2 wyverns
  A hippogriff (D:12)
  3 hungry ghosts
  A water moccasin (D:12)
  7 orc warriors
  3 ice beasts
  6 sky beasts
  A slave (D:4)
  A black bear (D:10)
  5 phantoms
  A necrophage (D:7)
  2 wasps
  An eye of draining (D:11)
  6 centaurs
  5 ogres
  3 big kobolds
  3 giant frogs
  4 scorpions
  5 killer bees (D:7)
  5 wights (D:5)
  2 howler monkeys
  6 crimson imps
  A wasp zombie (D:9)
  A giant frog zombie (D:9)
  2 hounds
  2 jellies
  5 orc priests
  2 centaur skeletons
  A giant frog skeleton (D:8)
  3 iguanas
  Terence (D:3)
  16 orc wizards
  Crazy Yiuf (D:3)
  10 worker ants
  7 ogre zombies (D:11)
  2 hound skeletons
  A worker ant zombie (D:9)
  4 gnolls (D:3)
  A howler monkey skeleton (D:6)
  16 adders
  A shadow imp (D:7)
  An ooze (D:6)
  An adder zombie (D:4)
  An adder skeleton (D:9)
  5 worms
  3 dart slugs (D:2)
  6 giant geckos
  49 orcs
  3 giant cockroaches
  5 goblins
  8 hobgoblins
  9 jackals
  A quokka (D:8)
  12 bats
  5 giant newts
  4 goblin zombies (D:11)
  2 hobgoblin skeletons (D:11)
  3 hobgoblin zombies (D:11)
  A jackal skeleton (D:9)
  15 kobolds
  An orc skeleton (D:11)
  15 orc zombies (D:11)
  2 rats (D:2)
331 creatures vanquished.

Vanquished Creatures (others)
  An ogre (D:4)
  An orc wizard (D:8)
  An ooze (D:4)
3 creatures vanquished.

Grand Total: 334 creatures vanquished

Notes
Turn   | Place    | Note
--------------------------------------------------------------
     0 | D:1      | Lugonue the Demigod Fire Elementalist began the quest for the Orb.
     0 | D:1      | Reached XP level 1. HP: 14/14 MP: 5/5
    43 | D:1      | Reached skill level 3 in Fire Magic
   476 | D:1      | Reached XP level 2. HP: 20/20 MP: 7/7
  1052 | D:2      | Noticed Sigmund
  1140 | D:2      | Killed Sigmund
  1140 | D:2      | Reached skill level 1 in Shields
  1140 | D:2      | Reached skill level 4 in Fire Magic
  1140 | D:2      | Reached XP level 3. HP: 16/27 MP: 7/9
  1140 | D:2      | Reached XP level 4. HP: 20/34 MP: 8/11
  1140 | D:2      | Reached XP level 5. HP: 23/39 MP: 8/12
  2153 | D:3      | Reached skill level 5 in Fire Magic
  2232 | D:3      | Found a faded altar to an unknown god.
  2304 | D:3      | Noticed Terence
  2317 | D:3      | Learned a level 3 spell: Conjure Flame
  2366 | D:3      | Noticed Crazy Yiuf
  2378 | D:3      | Killed Crazy Yiuf
  2378 | D:3      | Reached XP level 6. HP: 46/46 MP: 5/13
  2398 | D:3      | Learned a level 4 spell: Sticky Flame
  2458 | D:3      | Reached skill level 1 in Fighting
  2647 | D:3      | Killed Terence
  2852 | D:4      | Found Muvar's Antique Weapon Emporium.
  3123 | D:4      | Noticed Pikel
  3138 | D:4      | Killed Pikel
  3138 | D:4      | Reached XP level 7. HP: 57/57 MP: 5/16
  3156 | D:4      | Found a burning altar of Makhleb.
  3158 | D:4      | Found a snail-covered altar of Cheibriados.
  3166 | D:4      | Found an iron altar of Okawaru.
  3166 | D:4      | Found a blossoming altar of Fedhas.
  3166 | D:4      | Found a bloodstained altar of Trog.
  3173 | D:4      | Found a stormy altar of Qazlal.
  3174 | D:4      | Found a white marble altar of Elyvilon.
  3174 | D:4      | Found an oddly glowing altar of Pakellas.
  3346 | D:4      | Found a staircase to the Ecumenical Temple.
  3632 | D:4      | Reached XP level 8. HP: 62/66 MP: 4/17
  3819 | D:4      | Bought a glowing scimitar for 136 gold pieces
  3858 | D:5      | Entered Level 5 of the Dungeon
  3895 | D:5      | Found a sparkling altar of Nemelex Xobeh.
  4117 | D:5      | Reached skill level 1 in Armour
  4117 | D:5      | Reached skill level 6 in Fire Magic
  4205 | D:5      | Reached skill level 1 in Long Blades
  4909 | D:5      | Found a basalt altar of Yredelemnul.
  4914 | D:5      | Found a glowing golden altar of the Shining One.
  5118 | D:5      | Noticed an angel
  5514 | D:6      | Reached skill level 5 in Spellcasting
  5658 | D:6      | Reached XP level 9. HP: 51/73 MP: 20/20
  5865 | D:6      | Reached skill level 5 in Fighting
  5910 | D:6      | Found a shattered altar of Ashenzari.
  6666 | D:7      | Reached skill level 7 in Fire Magic
  7384 | D:8      | Found a shadowy altar of Dithmenos.
  7442 | D:8      | Found a radiant altar of Vehumet.
  7485 | D:8      | Found a hazy altar of Hepliaklqana.
  7696 | D:9      | Reached XP level 10. HP: 81/84 MP: 23/23
  8575 | D:9      | Found a staircase to the Lair.
  8831 | D:9      | Reached skill level 8 in Fire Magic
  9332 | D:10     | Entered Level 10 of the Dungeon
  9760 | D:10     | Noticed a hill giant
  9784 | D:10     | Killed a hill giant
  9928 | D:10     | Reached skill level 5 in Long Blades
 10241 | D:11     | Reached XP level 11. HP: 56/94 MP: 12/26
 10333 | D:11     | Found a staircase to the Orcish Mines.
 10539 | D:11     | Got a warped ring mail
 10553 | D:11     | Identified the cursed +1 ring mail "Lofech" {Stlth+} (You found it on level 11 of the Dungeon)
 10811 | D:11     | Found a snail-covered altar of Cheibriados.
 10844 | D:11     | Paralysed by an orc sorcerer for 5 turns
 11448 | D:11     | Noticed a hill giant
 11463 | D:11     | Killed a hill giant
 11858 | D:12     | Noticed an eight-headed hydra
 11872 | D:12     | Killed an eight-headed hydra
 11872 | D:12     | Reached skill level 9 in Fire Magic
 12214 | D:12     | Noticed Sonja
 12222 | D:12     | Noticed a hill giant
 12300 | Orc:1    | Entered Level 1 of the Orcish Mines
 12300 | Orc:1    | Found Galuampeb's Magic Scroll Boutique.
 12300 | Orc:1    | Noticed Maud
 12302 | Orc:1    | Noticed a soul eater
 12303 | Orc:1    | Noticed an orc knight
 12331 | D:11     | HP: 1/95 [Maud/enchanted great mace (38)]
 12334 | D:11     | Demolished by Maud

Vault maps used:
D:1:      lightli_arrival_lavapool, roderic_lattice_a, minmay_unequal
D:2:      first_bread, minmay_misc_feat_plants, uniq_sigmund
D:3:      ecumenical_altar_2, uniq_crazy_yiuf_cottage, uniq_terence
D:4:      grunt_temple_overflow_open, minmay_temple_entry_glassed_door,
          serial_shops, shop, uniq_pikel
D:5:      grunt_temple_overflow_holy_war, nicolae_overflow_crystal_walls
D:6:      hangedman_cross_stitches, lemuel_crystal_altar
D:7:      grunt_ogre_cave, kennysheep_small_spiral
D:8:      minmay_flawed_box, kennysheep_little_box, basic_altar,
          vehumet_altar_wand_db
D:9:      lair_0_dummy, fountainhead, eino_small_chamber_without_monster
D:11:     zombieorc2_lemuel, basic_altar
D:12:     uniq_sonja
Orc:1:    serial_shops, shop, nicolae_shop_waterfront, shop,
          nicolae_shop_behind_doors, mines2_david, uniq_fannar, uniq_erolcha,
          uniq_maud, uniq_urug

Skill      XL: |  1  2  3  4  5  6  7  8  9 10 11 |
---------------+----------------------------------+-----
Fire Magic     | 3 4 5 6 7 8 9 |  9.1
Spellcasting   | 2 3 4 5 6 7 8 |  8.2
Shields        | 1 3 4 |  4.3
Fighting       | 3 4 6 8 |  8.8
Armour         | 3 4 |  4.1
Long Blades    | 2 3 5 |  5.9
Dodging        | 3 |  3.8
Stealth        | |  1.8
Conjurations   | |  0.8

Action                   |  1- 3 |  4- 6 |  7- 9 | 10-12 || total
-------------------------+-------+-------+-------+-------++-------
Melee: Short sword       |    29 |   125 |   388 |   377 ||   919
       Dagger            |     6 |       |       |       ||     6
       Unarmed           |     4 |       |       |       ||     4
       Falchion          |       |       |     7 |    57 ||    64
 Cast: Flame Tongue      |     9 |    40 |   118 |   111 ||   278
       Conjure Flame     |       |     3 |    13 |    37 ||    53
       Sticky Flame      |       |       |     9 |    47 ||    56
 Abil: Evoke Berserk Rag |     1 |     2 |       |       ||     3
Evoke: Wand              |       |       |       |     3 ||     3
  Use: Scroll            |     8 |     2 |     9 |     5 ||    24
       Potion            |     1 |       |       |     5 ||     6
 Stab: Sleeping          |     1 |     4 |     5 |     4 ||    14
       Distracted        |       |     1 |     1 |       ||     2
  Eat: Bread ration      |     1 |       |       |     1 ||     2
       Chunk             |       |     4 |     8 |     8 ||    20
       Meat ration       |       |       |     1 |     2 ||     3
       Pizza             |       |       |     3 |     1 ||     4
       Royal jelly       |       |       |     1 |     1 ||     2
       Beef jerky        |       |       |       |     1 ||     1
Armor: Robe              |     9 |    16 |     5 |       ||    30
       Leather armour    |       |       |   111 |    35 ||   146
       Troll leather arm |       |       |       |    96 ||    96
Dodge: Dodged            |    30 |    67 |   230 |   223 ||   550
Block: Buckler           |     8 |    25 |    88 |   101 ||   222
